 Dungeon Crawl Stone Soup version 0.21.1-1-g345015f (webtiles) character file.

8005 satyrikal the Covert (level 11, -7/62 HPs)
             Began as a Gargoyle Monk on June 8, 2018.
             Was a High Priest of Hepliaklqana.
             Mangled by an orc warrior
             ... wielding a cursed +0 glaive
             ... led by an orc high priest
              (19 damage)
             ... on level 1 of the Orcish Mines on June 9, 2018.
             The game lasted 00:56:07 (6668 turns).

satyrikal the Covert (Gargoyle Monk)                Turns: 6668, Time: 00:56:08

Health: -7/62      AC: 14    Str: 24    XL:     11   Next: 24%
Magic:  11/11      EV: 17    Int: 18    God:    Hepliaklqana [*****.]
Gold:   264        SH:  0    Dex: 20    Spells: 10/10 levels left

rFire    . . .     SeeInvis .   u - +5 broad axe of Ashenzari {drain, Str+7 Int+7 Dex+2}
rCold    . . .     Gourm    .   (no shield)
rNeg     + . .     Faith    .   n - +0 steam dragon scales
rPois    ∞         Spirit   .   (no helmet)
rElec    +         Reflect  .   (no cloak)
rCorr    .         Harm     .   (no gloves)
MR       .....                  (no boots)
Stlth    ++++++....             (no amulet)
HPRegen  0.20/turn              d - ring of stealth
MPRegen  0.12/turn              B - +5 ring of dexterity

@: weakened
A: reduced essence, negative energy resistance 1, electricity resistance,
unbreathing, petrification resistance, rot immunity, AC +8
a: Recall Ancestor, Ancestor Identity, Transference, Idealise, Renounce Religion


You were on level 1 of the Orcish Mines.
You worshipped Hepliaklqana.
Hepliaklqana was extremely pleased with you.
You were not hungry.

You visited 2 branches of the dungeon, and saw 11 of its levels.

You collected 504 gold pieces.
You spent 240 gold pieces at shops.

Inventory:

Hand Weapons
 a - a +1 mace of flaming
 u - the +5 broad axe of Ashenzari (weapon) {drain, Str+7 Int+7 Dex+2}
   (You found it on level 9 of the Dungeon)

   A truly terrible weapon, it drains the life of those it strikes.
   It affects your strength (+7).
   It affects your intelligence (+7).
   It affects your dexterity (+2).
 x - a cursed +3 dire flail
 A - a +2 rapier of freezing
Armour
 b - a +0 robe
 g - a +2 robe of magic resistance
 j - a +0 pair of gloves
 k - a +1 leather armour
 n - +0 steam dragon scales (worn)
 G - the cursed +1 scale mail "Diawnitu" {SInv}
   (You found it on level 10 of the Dungeon)

   It lets you see invisible.
   It has a curse placed upon it.
Jewellery
 d - a ring of stealth (left hand)
 v - a +3 ring of intelligence
 y - an uncursed ring of protection from fire
 z - a +3 ring of strength
 B - a +5 ring of dexterity (right hand)
 C - a +3 ring of dexterity
Wands
 o - a wand of paralysis (8)
 s - a wand of iceblast (1)
 F - a wand of disintegration (15)
Scrolls
 e - 4 scrolls of teleportation
 h - 2 scrolls of amnesia
 i - 2 scrolls of fog
 l - 5 scrolls of remove curse
 p - a scroll of magic mapping
 q - a scroll of immolation
 D - 4 scrolls of identify
 E - a scroll of silence {unknown}
Potions
 f - 8 potions of curing
 m - a potion of agility
 r - a potion of berserk rage {unknown}
 t - a potion of brilliance
Comestibles
 c - 15 rations


   Skills:
 + Level 8.8 Fighting
 + Level 2.5(5.5) Axes
 + Level 8.5(8.8) Maces & Flails
 + Level 7.8 Armour
 + Level 6.6 Dodging
 + Level 9.4 Stealth


You had 10 spell levels left.
You didn't know any spells.

Dungeon Overview and Level Annotations

Branches:
Dungeon (10/15)            Temple (0/1) D:7             Orc (1/2) D:10
   Lair: D:8-11

Altars:
Dithmenos
Hepliaklqana
Makhleb
Okawaru
Trog
Xom

Shops:
D:4 *=}**   D:7 %


Innate Abilities, Weirdness & Mutations

You are resistant to torment.
Your stone body is resilient. (AC +8)
You are immune to poison.
You resist negative energy. (rN+)
You are resistant to electric shocks. (rElec)
You can survive without breathing.
You are immune to petrification.
You are immune to rotting.
Your life essence is reduced to manifest your ancestor. (-10% HP)


Message History

The orange demon dies!
The orc priest barely misses you.
You slash the orc high priest!
The orc high priest is almost dead.
You slash the orc priest!
Xochitl points at the orc high priest and mumbles some strange words.
The stone arrow hits the orc high priest.
The orc warrior hits you from afar with a glaive!
* * * LOW HITPOINT WARNING * * *
The orc high priest prays to Beogh.
The orc priest barely misses you.
Xochitl casts a spell at the orc high priest.
The puff of frost hits the orc high priest.
The orc high priest dies!
The neqoxec disappears in a puff of smoke!
You hit the orc priest.
The orc priest is almost dead.
The orc priest barely misses you.
The orc warrior hits you from afar with a glaive!!
You die...

#.<.## ...#. .. ##...##
#...# ...... ..
##.#.####...###......
...#.....##.....#.#.....
#........###..........
##.#......#..........#
######............##.##
##.........)......
#.#......R@#...
#.........o)#
##.#.......)o.....
####.....#.....>.
##.#..........
#.....#.......
#.....#.......
##........#... #....
....###


You could see the friendly Xochitl the battlemage, an orc warrior and an orc
priest.

Vanquished Creatures
  A two-headed ogre (D:10)
  Grinder (D:3)
  A hippogriff (D:7)
  Sigmund (D:2)
  7 yaks (D:9)
  A hungry ghost (D:7)
  An orc warrior (D:10)
  A black bear (D:9)
  An ice beast (D:9)
  4 necrophages
  3 ogres
  2 centaurs
  A bullfrog (D:9)
  A water moccasin zombie (D:8)
  A scorpion (D:9)
  9 killer bees
  A wight (D:7)
  3 crimson imps
  5 hounds
  A jelly (D:8)
  An orc priest (D:6)
  2 bullfrog skeletons
  4 orc wizards
  2 iguanas
  Natasha (twice) (D:2)
  2 worker ants
  5 adders
  A gnoll (D:7)
  2 shadow imps (D:7)
  An adder zombie (D:5)
  A dart slug (D:2)
  5 leopard geckos
  15 orcs
  A giant cockroach (D:1)
  3 goblins
  8 hobgoblins
  9 jackals
  6 kobolds
  3 quokkas
  2 ball pythons (D:2)
  6 bats
  6 frilled lizards
  A giant cockroach zombie (D:1)
  A quokka zombie (D:1)
  3 rats
  A withered plant (D:7)
139 creatures vanquished.

Vanquished Creatures (collateral kills)
  An orc high priest (Orc:1)
  The ghost of Theowulf the Skirmisher, an amateur MiAK of Lugonu (D:5)
  A steam dragon (D:9)
  A warg (Orc:1)
  A water moccasin (D:10)
  An ice beast (D:8)
  A sky beast (D:9)
  2 phantoms
  An ogre (D:7)
  The ghost of salinator123 the Firebug, an amateur DrFE (D:3)
  3 centaurs
  A big kobold (D:7)
  A wyvern zombie (D:9)
  A bullfrog (D:8)
  A gnoll sergeant (D:7)
  3 scorpions (D:5)
  5 killer bees
  2 howler monkeys (D:4)
  A wight (D:7)
  A crimson imp (D:10)
  A bullfrog zombie (D:10)
  A centaur zombie (D:7)
  5 hounds
  7 orc wizards
  A centaur skeleton (D:8)
  Natasha (D:2)
  2 worker ants
  2 hound zombies
  A hound skeleton (D:10)
  5 gnolls (D:7)
  2 adders
  An ooze (D:4)
  A dart slug (D:3)
  A leopard gecko (D:7)
  13 orcs
  A giant cockroach (D:3)
  A hobgoblin (D:2)
  6 jackals
  A ball python (D:3)
  2 bats (D:3)
  A jackal zombie (D:7)
  4 kobolds
  A rat (D:3)
  A withered plant (D:7)
92 creatures vanquished.

Vanquished Creatures (others)
  3 battlemagi
3 creatures vanquished.

Grand Total: 234 creatures vanquished

Notes
Turn   | Place    | Note
-------+----------+-------------------------------------------
     0 | D:1      | satyrikal the Gargoyle Monk began the quest for the Orb.
     0 | D:1      | Reached XP level 1. HP: 14/14 MP: 1/1
   391 | D:1      | Reached XP level 2. HP: 18/19 MP: 2/2
  1195 | D:2      | Noticed Sigmund
  1225 | D:2      | Killed Sigmund
  1225 | D:2      | Reached skill level 4 in Stealth
  1225 | D:2      | Reached XP level 3. HP: 9/24 MP: 3/3
  1225 | D:2      | Reached XP level 4. HP: 12/29 MP: 4/4
  1225 | D:2      | Reached XP level 5. HP: 13/33 MP: 5/5
  1456 | D:2      | Found a faded altar of an unknown god.
  1461 | D:2      | Became a worshipper of Hepliaklqana the Forgotten
  1461 | D:2      | Reached * piety under Hepliaklqana
  1461 | D:2      | Reached ** piety under Hepliaklqana
  1462 | D:2      | Remembered your ancestor Xochitl as a battlemage
  1554 | D:2      | Found a stormy altar of Qazlal.
  1557 | D:2      | Found an opulent altar of Gozag.
  1557 | D:2      | Found a hide-covered altar of Uskayaw.
  1559 | D:2      | Found a glowing silver altar of Zin.
  1559 | D:2      | Found a shimmering altar of Xom.
  1559 | D:2      | Found a white marble altar of Elyvilon.
  1689 | D:2      | Noticed Natasha
  1696 | D:2      | Killed Natasha
  1770 | D:2      | Noticed Natasha
  1781 | D:2      | Killed Natasha
  1781 | D:2      | Reached XP level 6. HP: 32/34 MP: 6/6
  1810 | D:2      | Reached *** piety under Hepliaklqana
  1833 | D:2      | Noticed Natasha
  1837 | D:2      | Killed Natasha
  1837 | D:2      | Reached skill level 1 in Armour
  2113 | D:3      | Noticed salinator123's ghost (amateur DrFE)
  2122 | D:3      | Killed salinator123's ghost
  2602 | D:3      | Noticed Grinder
  2614 | D:3      | Killed Grinder
  2614 | D:3      | Reached skill level 5 in Maces & Flails
  2614 | D:3      | Reached XP level 7. HP: 37/39 MP: 7/7
  2796 | D:4      | Reached **** piety under Hepliaklqana
  2802 | D:4      | Reached skill level 5 in Stealth
  2858 | D:4      | Found Ropt's General Store.
  2966 | D:4      | Reached skill level 5 in Fighting
  3024 | D:4      | Found Obla's Assorted Antiques.
  3126 | D:4      | Found a burning altar of Makhleb.
  3195 | D:5      | Entered Level 5 of the Dungeon
  3207 | D:5      | Reached XP level 8. HP: 35/44 MP: 8/8
  3219 | D:5      | Noticed Theowulf's ghost (amateur MiAK)
  3233 | D:5      | Killed Theowulf's ghost
  3391 | D:5      | Reached skill level 6 in Stealth
  3609 | D:6      | Found a shadowy altar of Dithmenos.
  3799 | D:6      | Reached ***** piety under Hepliaklqana
  3807 | D:6      | Found a bloodstained altar of Trog.
  3848 | D:6      | Reached XP level 9. HP: 45/49 MP: 9/9
  3931 | D:4      | Found Quohyrr's Gadget Shop.
  3933 | D:4      | Found Riba Gai's Assorted Antiques.
  3940 | D:4      | Found Quodukul's Jewellery Shop.
  4138 | D:4      | Bought a scroll of brand weapon for 240 gold pieces
  4279 | D:7      | Found Zisuil's Food Emporium.
  4331 | D:7      | Reached skill level 5 in Armour
  4404 | D:7      | Found a staircase to the Ecumenical Temple.
  4450 | D:7      | Reached skill level 5 in Dodging
  4450 | D:7      | Reached skill level 7 in Stealth
  5182 | D:8      | Reached XP level 10. HP: 54/56 MP: 10/10
  5280 | D:8      | Found an iron altar of Okawaru.
  5327 | D:8      | Reached skill level 8 in Stealth
  6040 | D:9      | Got a pitted broad axe
  6041 | D:9      | Identified the +5 broad axe of Ashenzari {drain, Str+7 Int+7 Dex+2} (You found it on level 9 of the Dungeon)
  6172 | D:9      | Reached skill level 1 in Axes
  6257 | D:9      | Reached skill level 9 in Stealth
  6526 | D:10     | Entered Level 10 of the Dungeon
  6558 | D:10     | Got an ichor-stained scale mail
  6559 | D:10     | Identified the cursed +1 scale mail "Diawnitu" {SInv} (You found it on level 10 of the Dungeon)
  6574 | D:10     | Noticed a two-headed ogre
  6592 | D:10     | Found a staircase to the Orcish Mines.
  6602 | D:10     | Reached XP level 11. HP: 14/62 MP: 11/11
  6616 | D:10     | Killed a two-headed ogre
  6643 | Orc:1    | Entered Level 1 of the Orcish Mines
  6656 | Orc:1    | Noticed an orc high priest
  6667 | Orc:1    | Killed an orc high priest
  6668 | Orc:1    | Mangled by an orc warrior

Skill      XL: |  1  2  3  4  5  6  7  8  9 10 11 |
---------------+----------------------------------+-----
Maces & Flails | 4 5 6 7 8 |  8.5
Dodging        | 3 4 5 6 |  6.6
Stealth        | 4 5 6 7 9 |  9.4
Fighting       | 4 5 6 7 8 |  8.8
Armour         | 2 3 4 6 7 |  7.8
Axes           | 1 2 |  2.5

Action                   |  1- 3 |  4- 6 |  7- 9 | 10-12 || total
-------------------------+-------+-------+-------+-------++-------
Melee: Mace              |    72 |    60 |   254 |   104 ||   490
       Broad axe         |       |       |       |    79 ||    79
Invok: Ancestor Life: Ba |       |     1 |       |       ||     1
       Recall Ancestor   |       |       |       |     1 ||     1
Evoke: Wand              |       |       |       |     2 ||     2
  Use: Scroll            |     4 |     1 |    11 |     5 ||    21
       Potion            |     6 |     2 |     2 |     3 ||    13
 Stab: Sleeping          |     7 |     6 |    16 |     6 ||    35
       Invisible         |     1 |       |       |       ||     1
       Distracted        |       |     2 |     2 |       ||     4
       Paralysed         |       |       |       |     3 ||     3
  Eat: Ration            |       |     2 |     3 |     1 ||     6
Armor: Robe              |    10 |    22 |    93 |       ||   125
       Leather armour    |       |       |     1 |    21 ||    22
       Steam dragon scal |       |       |       |    43 ||    43
Dodge: Dodged            |    35 |    36 |   194 |   202 ||   467
